 Dungeon Sprint DCSS version 0.30.1-11-g7821555f0a (webtiles) character file.

Game seed: 4691966685399124178

27 Heoruswealwe the Poker (level 2, -8/29 HPs)
             Began as a Minotaur Fighter on Nov 3, 2023.
             Mangled by an ogre
             ... wielding a +0 giant spiked club
              (30 damage)
             ... in the Dungeon (Sprint IX: "|||||||||||||||||||||||||||||").
             The game lasted 00:00:38 (57 turns).

Heoruswealwe the Poker (Minotaur Fighter)             Turns: 57, Time: 00:00:39

Health: -8/29      AC:  7    Str: 20    XL:     2   Next: 93%
Magic:  1/1        EV:  9    Int:  5    God:
Gold:   0          SH:  4    Dex:  9    Spells: 1/1 levels left

rFire   . . .        a - +0 trident
rCold   . . .        d - +0 buckler
rNeg    . . .        c - +0 scale mail
rPois   .            (helmet restricted)
rElec   .            (no cloak)
rCorr   .            (no gloves)
SInv    .            (no boots)
Will    .....        (no amulet) Stlth
                     (no ring)
HPRegen 0.24/turn    (no ring)
MPRegen 0.07/turn

%: no teleportation
@: no status effects
A: horns 2, retaliatory headbutt
a: no special abilities


You were in the Dungeon.
You visited 1 branch

Inventory:

Hand Weapons
 a - a +0 trident (weapon)
Armour
 c - a +0 scale mail (worn)
 d - a +0 buckler (worn)
Scrolls
 j - a scroll of blinking
Potions
 b - a potion of might
 e - a potion of curing
 g - a potion of haste
 i - a potion of berserk rage


   Skills:
 + Level 5.0 Fighting
 * Level 5.5 Polearms
 + Level 5.0 Armour
 - Level 3.6 Shields


You had one spell level left.
You didn't know any spells.
Your spell library was empty.

Dungeon Overview and Level Annotations

Branches:
Dungeon (1/1)

Altars:


Innate Abilities, Weirdness & Mutations

You have a pair of horns on your head.
You reflexively headbutt those who attack you in melee.


Message History

The adder bites you.
You hit the adder.
You kill the adder!
Your Polearms skill increases to level 4!
You have reached level 2!
You puncture the orc!
You kill the orc!
Your Polearms skill increases to level 5!
You barely miss the white imp.
The white imp hits you but does no damage.
You puncture the white imp!
The white imp is almost dead.
You block the white imp's attack.
You hit the white imp but do no damage.
The white imp is almost dead.
The white imp gestures at you. The puff of frost hits you.
You puncture the white imp!
You kill the white imp!
Your Fighting skill increases to level 5!
Your Armour skill increases to level 5!
You hit the orc but do no damage. The orc hits you but does no damage.
You puncture the orc!
You kill the orc!
You hit the ogre.
The ogre is lightly wounded.
The ogre hits you with a +0 giant spiked club!!
Ouch! That really hurt!
* * * LOW HITPOINT WARNING * * *
You feel much better. The ogre barely misses you.
You barely miss the ogre. Your headbutt misses the ogre.
The ogre is lightly wounded.
You barely miss the ogre. You headbutt the ogre!
The ogre is heavily wounded.
The ogre closely misses you. You furiously retaliate!
You headbutt the ogre. You puncture the ogre!
The ogre is almost dead.
The ogre hits you with a +0 giant spiked club!!
Ouch! That really hurt!
You die...

▓+▓
▓.▓
▓.▓
▓.▓
▓.▓
▓.▓
▓O▓
▓@▓
▓.▓
▓.▓
▓.▓
▓.▓
▓)▓
▓.▓
▓!▓
▓.▓


You could see an ogre.

Vanquished Creatures
  An adder (D)
  A white imp (D)
  2 orcs (D)
  An endoplasm (D)
  A giant cockroach (D)
  A kobold (D)
  2 ball pythons (D)
9 creatures vanquished.

Notes
Turn   | Place    | Note
-------+----------+-------------------------------------------
     0 | D        | Heoruswealwe the Minotaur Fighter began the quest for the
                  | Orb.
     0 | D        | Reached XP level 1. HP: 19/19 MP: 0/0
    39 | D        | Noticed an ogre
    46 | D        | Reached XP level 2. HP: 26/28 MP: 1/1
    47 | D        | Reached skill level 5 in Polearms
    51 | D        | Reached skill level 5 in Fighting
    51 | D        | Reached skill level 5 in Armour
    57 | D        | Mangled by an ogre

Illustrated notes

Levels and vault maps discovered:
D:        linesprint [early_d, line_temple, items_1, d_10, items_2, lair_1,
          lair_end, items_3, orc_1, orc_end, items_4, d_15, swamp_1, shoals_1,
          snake_1, spider_1, d_20, vaults_1, items_5, swamp_end, shoals_end,
          snake_end, spider_end, vaults_end, d_27, items_6, zot_1, zot_end,
          crypt_end, forest_end, elf_end, slime_end, tomb_end, abyss_end,
          pan_hell_end]

Skill      XL: |  1  2 |
---------------+-------+-----
Polearms       | 4 5 |  5.5
Fighting       | 4 5 |  5.0
Armour         | 4 5 |  5.0
Shields        | |  3.6

Action                     || total
---------------------------++-------
  Melee: Trident           ||    27
         Headbutt          ||     2
    Use: Potion            ||     1
 Armour: Scale mail        ||     8
  Dodge: Dodged            ||     6
  Block: Buckler           ||     1
